Map: Jagannatha LE

Players

A.I. 1 (Very Easy) - Winner!

  • Race: Protoss Protoss

Eleven

  • Race: Zerg Zerg
  • League: Diamond

VOD

Have the link to the VOD?

Description

Time

  • Played on: Sept. 20, 2021, 11:31 p.m.
  • Length: 10:04
Show
View Real Time Build Order
Export as new Build Order

A.I. 1 (Very Easy) Protoss - Winner!

Build Orders: 1 Gate Expand, Nexus First 

Get SALT Encoding   

  12  0:00  Probe  
  13  0:13  Probe  
  14  0:19  Pylon  
  14  0:43  Gateway  
  14  1:02  Nexus  
  14  1:20  Pylon  
  14  1:22  Zealot  
  14  1:24  Assimilator  
  16  1:37  Cybernetics Core  
  16  1:39  Probe  
  17  1:51  Probe  
  18  2:00  Assimilator  
  18  2:01  Probe  
  19  2:09  Probe  
  19  2:15  Stalker, Probe  
  23  2:24  Probe  
  23  2:27  Warp Gate  
  23  2:28  Probe  
  25  2:39  Probe  
  26  2:47  Probe  
  26  2:49  Assimilator  
  27  2:52  Pylon  
  27  2:54  Probe  
  28  3:01  Probe  
  29  3:05  Probe  
  30  3:14  Robotics Facility  
  30  3:15  Probe  
  31  3:22  Probe  
  32  3:28  Probe  
  32  3:31  Zealot  
  35  3:39  Probe  
  36  3:46  Probe  
  37  3:53  Probe  
  38  4:00  Probe  
  39  4:04  Observer  
  39  4:06  Probe  
  41  4:13  Probe  
  42  4:18  Probe  
  42  4:21  Assimilator  
  43  4:25  Observer, Probe  
  45  4:36  Probe, Pylon  
  46  4:44  Probe  
  47  4:46  Sentry  
  47  4:51  Probe  
  50  9:19  Stalker x2  
  50  9:54  Zealot  
Show
View Real Time Build Order
Export as new Build Order

Eleven Zerg 

Build Orders: Hatch First, Lurkers, Roach Hydra 

Get SALT Encoding   

  12  0:00  Drone  
  13  0:12  Overlord  
  13  0:17  Drone  
  14  0:31  Drone x2  
  16  0:49  Hatchery  
  15  0:52  Drone  
  15  0:55  Drone  
  17  0:59  Drone  
  18  1:09  Extractor  
  17  1:16  Spawning Pool  
  17  1:18  Drone  
  17  1:21  Drone  
  18  1:29  Drone  
  19  1:42  Drone  
  20  1:51  Overlord  
  20  2:06  Queen x2  
  20  2:07  Zergling x2  
  20  2:08  Zergling x2  
  26  2:13  Drone x2  
  28  2:22  Drone  
  29  2:23  Drone  
  30  2:32  Hatchery  
  30  2:36  Drone  
  30  2:39  Overlord  
  30  2:44  Metabolic Boost  
  30  2:51  Queen  
  30  2:55  Drone  
  30  2:58  Drone  
  34  2:59  Drone  
  34  3:02  Drone  
  36  3:06  Overlord  
  36  3:10  Drone  
  37  3:16  Drone x3  
  40  3:21  Overlord  
  40  3:25  Drone  
  41  3:33  Queen  
  43  3:39  Drone x2  
  43  3:40  Drone  
  46  3:42  Overlord  
  46  3:52  Drone, Extractor  
  46  3:53  Drone x2  
  46  3:54  Queen  
  50  4:02  Lair  
  50  4:09  Drone x3  
  54  4:10  Drone x3, Roach Warren  
  55  4:20  Drone x4  
  59  4:26  Drone x2  
  59  4:27  Evolution Chamber  
  59  4:28  Drone, Evolution Chamber  
  60  4:41  Drone x5  
  65  4:48  Drone  
  65  4:49  Drone, Overlord  
  65  4:50  Overlord  
  67  4:53  Zerg Missile Weapons Level 1  
  67  4:59  Overlord x2  
  67  5:03  Zerg Melee Weapons Level 1  
  67  5:04  Extractor  
  67  5:06  Extractor  
  65  5:09  Drone x3  
  65  5:11  Drone  
  65  5:12  Drone x4  
  73  5:17  Extractor  
  73  5:18  Drone x3, Extractor  
  73  5:19  Drone x3  
  77  5:28  Roach x3  
  83  5:32  Glial Reconstitution  
  83  5:38  Roach x5  
  93  5:46  Roach x2  
  93  5:47  Hatchery, Overlord x2  
  97  5:50  Drone  
  97  5:51  Drone  
  98  5:59  Hydralisk Den  
  97  6:16  Roach x8  
  113  6:19  Overlord x4  
  113  6:20  Overlord  
  113  6:33  Drone  
  113  6:38  Grooved Spines  
  114  6:41  Drone  
  114  6:42  Drone x8  
  123  6:49  Drone x4  
  123  6:51  Zerg Missile Weapons Level 2  
  127  6:59  Queen  
  129  7:01  Drone x5  
  129  7:08  Zerg Melee Weapons Level 2  
  134  7:16  Infestation Pit  
  134  7:18  Drone x3  
  134  7:19  Drone  
  134  7:20  Drone x2  
  134  7:22  Extractor x2  
  138  7:28  Hydralisk x7  
  151  7:31  Hatchery  
  150  7:42  Lurker Den  
  149  7:49  Baneling Nest  
  148  8:02  Hydralisk  
  148  8:03  Hydralisk x5  
  160  8:08  Overlord x5  
  160  8:14  Hive  
  160  8:18  Spire  
  160  8:19  Muscular Augments  
  159  8:21  Overseer  
  159  8:22  Drone  
  159  8:23  Overlord  
  159  8:24  Overlord x3  
  160  8:42  Lurker x10  
  160  8:48  Drone x2  
  171  8:49  Drone x4  
  171  8:50  Drone x2  
  178  8:58  Overlord x4  
  178  9:08  Extractor  
  177  9:10  Extractor  
  176  9:19  Lurker x3  
  179  9:30  Hatchery  
  178  9:32  Hydralisk x8  
  194  9:42  Zergling x12  
  200  9:46  Overlord  
Tags
 
Add a new tag
Caveats
  • Supply blocks, unpowered buildings, or Contaminate may cause inaccurate times.
  • Supply counts are checked every 10 seconds.